 Dungeon Crawl Stone Soup version 0.13.0-19-g8e0b589 (webtiles) character file.

285 Kae the Ruinous (level 5, 0/28 HPs)
             Began as a Tengu Fire Elementalist on Oct 24, 2013.
             Slain by a sky beast (2 damage)
             ... on Level 3 of the Dungeon.
             The game lasted 00:06:14 (2738 turns).

Kae the Ruinous (Tengu Fire Elementalist)           Turns: 2738, Time: 00:06:15

HP   0/28        AC  4     Str  8      XL: 5   Next: 36%
MP   7/12        EV 12     Int 17      God:
Gold 131         SH  0     Dex 14      Spells:  3 memorised,  2 levels left

Res.Fire  : . . .   See Invis. : .   (no weapon)
Res.Cold  : . . .   Warding    : .   d - +2 robe {rN+}
Life Prot.: + . .   Conserve   : .   (no shield)
Res.Poison: .       Res.Corr.  : .   (helmet restricted)
Res.Elec. : .       Clarity    : .   (no cloak)
Sust.Abil.: . .     Spirit.Shd : .   (no gloves)
Res.Mut.  : .       Stasis     : .   (boots unavailable)
Res.Rott. : .       Flight     : .   (no amulet)
Saprovore : . . .                    (no ring)
                                     (no ring)

@: slightly resistant to hostile enchantments, fairly stealthy
A: able to fly, beak, talons 3
a: Fly


You were on level 3 of the Dungeon.
You were very hungry.

You visited 1 branch of the dungeon, and saw 3 of its levels.

You collected 111 gold pieces.

Inventory:

Hand weapons
 e - a +0,+0 dagger
Missiles
 i - a poisoned dart
 m - 4 silver darts (quivered)
 o - 47 darts
Armour
 a - a +0 robe
 d - a +2 robe of positive energy (worn)
Magical devices
 D - a wand of draining (1)
Comestibles
 c - 2 bread rations
 f - 2 chokos
 x - a meat ration
Scrolls
 g - a scroll of teleportation {unknown}
 h - 2 scrolls of blinking {unknown}
 k - a scroll of curse armour {unknown}
 l - 5 scrolls of identify {unknown}
 n - a scroll of noise {unknown}
 q - a scroll of enchant armour {unknown}
 r - a scroll of fear {unknown}
 s - a scroll of fog {unknown}
 t - a scroll of recharging {unknown}
 y - a scroll of curse weapon {unknown}
 B - a scroll of enchant weapon II {unknown}
 E - a scroll of remove curse {unknown}
Jewellery
 F - an uncursed ring of poison resistance {unknown}
Potions
 j - 3 potions of might
 p - a potion of degeneration {unknown}
 v - a potion of restore abilities
 w - 2 potions of curing
 z - 2 potions of slowing {unknown}
 C - 2 potions of blood {unknown}
Books
 b - a book of Flames

   Spells                             Type                      Level
   *Flame Tongue                      Conjuration/Fire             1
   *Throw Flame                       Conjuration/Fire             2
   *Conjure Flame                     Conjuration/Fire             3
   Inner Flame                        Hexes/Fire                   3
   Sticky Flame                       Conjuration/Fire             4
   Fireball                           Conjuration/Fire             5
 u - a book of Minor Magic

   Spells                             Type                      Level
   Magic Dart                         Conjuration                  1
   Blink                              Translocation                2
   Call Imp                           Summoning                    2
   Repel Missiles                     Charms/Air                   2
   Slow                               Hexes                        2
   *Conjure Flame                     Conjuration/Fire             3
   Mephitic Cloud                     Conjuration/Poison/Air       3


   Skills:
 - Level 2.1 Dodging
 - Level 2.0 Stealth
 + Level 2.4 Spellcasting
 * Level 4.7 Conjurations
 + Level 4.1 Fire Magic


You had 2 spell levels left.
You knew the following spells:

 Your Spells              Type           Power        Failure   Level  Hunger
a - Flame Tongue          Conj/Fire      ###..        2%          1    #......
b - Throw Flame           Conj/Fire      ###...       4%          2    ##.....
c - Conjure Flame         Conj/Fire      ###.....     10%         3    ###....


Dungeon Overview and Level Annotations

Branches:
Dungeon (3/27)

Altars:
Okawaru

Annotations:
D:2 exclusion: agate snail
D:3 exclusion: gnoll, Sigmund


Innate Abilities, Weirdness & Mutations

You can fly.
You have a beak for a mouth.
You have claws for feet.


Message History

* * * LOW HITPOINT WARNING * * *
A sky beast appears from thin air!
Reactivating autopickup.
You see here 2 darts.
Items here: %%% )))
Things that are here:
a flail; a gnoll corpse You see here a dart.
Casting: Flame Tongue
Confirm with . or Enter, or press ? or * to list all spells.
Okay, then.
Eat which item? (? for menu, Esc to quit)
You are feeling very hungry.
The sky beast hits you.
* * * LOW HITPOINT WARNING * * *
The sky beast shocks you!
* * * LOW HITPOINT WARNING * * *
You continue eating.
The gnoll picks up a dagger.
The sky beast hits you.
You die...

#.?.............
#...?........... ########
#...%........... #......#
#............... #.####.#
#............... #.#
#.#.####...g........... #.#
#.#....................
######.#
#.########.############
.......# #.....@Ig((#
####### .#######
##...####### #...... .#
######...############......
.#
#>...'...'..........%......
.#
#.####...############......
.# #.# #...# #...... .# #.#
#...# #...... .# #.# #...#
#...... .# #[# #...#
#......


You could see a sky beast and a gnoll.

Vanquished Creatures
  Jessica (D:2)
  3 gnolls (D:3)
  5 adders
  A giant mite (D:2)
  7 giant cockroaches
  8 goblins
  4 hobgoblins
  4 jackals (D:2)
  2 ball pythons (D:1)
  4 bats
  A giant gecko (D:1)
  9 giant newts
  10 kobolds
  8 rats
67 creatures vanquished.

Notes
Turn   | Place    | Note
--------------------------------------------------------------
     0 | D:1      | Kae, the Tengu Fire Elementalist, began the quest for the Orb.
     0 | D:1      | Reached XP level 1. HP: 10/10 MP: 3/3
   352 | D:1      | Reached XP level 2. HP: 7/15 MP: 3/5
   922 | D:2      | Found an iron altar of Okawaru.
   980 | D:2      | Reached XP level 3. HP: 19/19 MP: 1/7
  1199 | D:2      | Noticed Jessica
  1244 | D:2      | Killed Jessica
  1244 | D:2      | Reached XP level 4. HP: 22/24 MP: 0/8
  1319 | D:2      | Reached skill level 4 in Conjurations
  1920 | D:2      | Noticed an agate snail
  2320 | D:3      | Reached XP level 5. HP: 28/28 MP: 7/11
  2431 | D:3      | Noticed Sigmund
  2628 | D:3      | Learned a level 2 spell: Throw Flame
  2632 | D:3      | Learned a level 3 spell: Conjure Flame
  2699 | D:3      | Noticed a sky beast
  2738 | D:3      | Slain by a sky beast

Action                   |  1- 3 |  4- 6 || total
-------------------------+-------+-------++-------
Melee: Unarmed           |    14 |    10 ||    24
 Cast: Flame Tongue      |    46 |    58 ||   104
       Conjure Flame     |       |     1 ||     1
       Throw Flame       |       |     1 ||     1
Evoke: Wand              |       |     1 ||     1
  Use: Potion            |     4 |       ||     4
